Canucks vs Thrashers

Created - February 21 2008 at 19:59

Goals
1 2 3 T
Canucks 3 1 0 4
Thrashers 2 0 4 6
Shots
1 2 3 T
Canucks 9 7 12 28
Thrashers 4 7 7 18

Period #1

1. Thrashers , Joe Thornton 18 (Keith Tkachuk, Wade Redden) at 8:27 (PP)
2. Thrashers , Joe Thornton 19 (Brett Clark, Wade Redden) at 14:26
3. Canucks , Steve Bernier 6 (Milan Michalek, Mike Commodore) at 15:45
4. Canucks , Matt Cullen 11 (Sergei Fedorov) at 18:41
5. Canucks , Milan Michalek 16 (Steve Bernier, Nik Antropov) at 18:47

Penalties :
Scott Walker (VAN) for Diving (Minor) at 0:22, Brett Clark (ATL) for Roughing (Minor) at 5:47, Scott Walker (VAN) for Interference (Minor) at 5:47, Dan Hamhuis (VAN) for Roughing (Minor) at 7:54

Period #2

6. Canucks , Sergei Fedorov 10 (Matt Cullen, Anders Eriksson) at 3:30

Penalties :
Corey Perry (ATL) for Holding (Minor) at 1:07, Corey Perry (ATL) for Tripping (Minor) at 4:26, Mike Commodore (VAN) for Hooking (Minor) at 8:42, Dan Hamhuis (VAN) for Roughing (Minor) at 12:05, Joe Thornton (ATL) for Roughing (Minor) at 18:18

Period #3

7. Thrashers , Jay Mcclement 13 (Mark Recchi, Keith Ballard) at 1:27
8. Thrashers , Brad Boyes 10 (Corey Perry, Brett Clark) at 9:27 (PP)
9. Thrashers , Brett Clark 6 (Joe Thornton, Brad Boyes) at 16:27
10. Thrashers , Jay Mcclement 14 (Mark Recchi, Martin Rucinsky) at 18:06

Penalties :
Niklas Kronwall (ATL) for High sticking (Minor) at 2:45, Mark Recchi (ATL) for Hooking (Minor) at 5:35, Matt Cullen (VAN) for Goalie Interference (Minor) at 7:51, Ryan Malone (VAN) for Hooking (Minor) at 9:32

Goalie Stats

Evgeni Nabokov (VAN), 1 saves from 2 shots - (0.500), 3:33 minutes
Jocelyn Thibault (VAN), 11 saves from 16 shots - (0.688), L, 3-6-2, 56:27 minutes
Wade Dubielewicz (ATL), 15 saves from 15 shots - (1.000), W, 2-3-1, 36:30 minutes
Henrik Lundqvist (ATL), 9 saves from 13 shots - (0.692), 23:30 minutes

Players Stats

Canucks
Player Name              G  A  P  +/- PIM S  H  SB FO MP 
-----------------------------------------------------------
Anders Eriksson          0  1  1   0  0   0  2  0  0  21 
Brad Richardson          0  0  0   0  0   0  1  0  0  12 
Colby Armstrong          0  0  0   0  0   3  1  0  0  18 
Dan Hamhuis              0  0  0  -1  4   1  2  2  0  20 
Jarret Stoll             0  0  0  -1  0   0  1  0  21 16 
Marc-Edouard Vlasic      0  0  0   1  0   0  0  0  0  23 
Martin Havlat            0  0  0  -1  0   4  0  0  3  20 
Martin Skoula            0  0  0   0  0   0  0  0  0  8  
Matt Cullen              1  1  2   0  2   2  2  0  17 18 
Mike Commodore           0  1  1   1  2   1  3  1  0  18 
Milan Michalek           1  1  2   1  0   5  1  0  4  19 
Nik Antropov             0  1  1   1  0   1  3  0  25 17 
Ron Hainsey              0  0  0  -1  0   1  2  1  0  18 
Ryan Malone              0  0  0   0  2   1  2  0  1  14 
Scott Walker             0  0  0  -1  4   3  0  0  1  14 
Sergei Fedorov           1  1  2   0  0   3  2  0  0  18 
Steve Bernier            1  1  2   1  0   2  4  0  0  17 
Steven Reinprecht        0  0  0   0  0   1  0  0  14 13 
Thrashers
Player Name              G  A  P  +/- PIM S  H  SB FO MP 
-----------------------------------------------------------
Alexander Frolov         0  0  0   1  0   0  0  0  1  20 
Brad Boyes               1  1  2   2  0   1  0  0  1  15 
Brett Clark              1  2  3   2  2   1  1  2  0  20 
Corey Perry              0  1  1  -3  4   0  1  0  1  15 
Dan Boyle                0  0  0  -3  0   1  2  0  0  21 
David Backes             0  0  0  -1  0   1  0  0  0  10 
Eric Brewer              0  0  0  -3  0   0  0  1  0  15 
Jay Mcclement            2  0  2   2  0   4  0  0  26 20 
Joe Thornton             2  1  3   2  2   3  0  0  21 17 
Keith Ballard            0  1  1   2  0   1  1  3  0  22 
Keith Tkachuk            0  1  1  -3  0   1  0  0  8  23 
Kyle Calder              0  0  0   0  0   0  0  0  1  6  
Marc Savard              0  0  0  -4  0   2  1  0  24 21 
Mark Recchi              0  2  2   2  2   0  1  0  1  18 
Martin Rucinsky          0  1  1   2  0   1  0  0  2  14 
Niklas Kronwall          0  0  0   2  2   0  1  2  0  15 
Radek Martinek           0  0  0  -1  0   0  1  0  0  12 
Wade Redden              0  2  2   1  0   2  1  1  0  22 

3 Stars

1 - Joe Thornton (ATL)
2 - Brett Clark (ATL)
3 - Jay Mcclement (ATL)

Power Play

Canucks - 0 on 5 Attempt(s) - 0.00%
Thrashers - 2 on 6 Attempt(s) - 33.33%

Penalty Kill

Canucks - 4 on 6 Attempt(s) - 66.67% - Score 0 goal in Penalty Kill
Thrashers - 5 on 5 Attempt(s) - 100.00% - Score 0 goal in Penalty Kill

Game Notes

Wade Dubielewicz enters game at 3:30 of 2nd period
Evgeni Nabokov enters game at 16:27 of 3rd period

Finance

Level 1 -- Attendance: 5644 (94.07%) -- Ticket Income $423,300.00
Level 2 -- Attendance: 4737 (94.74%) -- Ticket Income $236,850.00
Level 3 -- Attendance: 1877 (73.75%) -- Ticket Income $56,310.00
Level 4 -- Attendance: 3782 (94.55%) -- Ticket Income $75,640.00
Luxury Box -- Attendance: 1000 (100.00%) -- Ticket Income $150,000.00
Game was played at the Philips Arena
Total Attendance: 17040 (91.88%)
Total Ticket Income: $951,093.90
Other Income: $173,895.90
Total Income: $1,124,990.00


Play by Play

Period #1

0:01 of 1st period - Nik Antropov wins face-off versus Alexander Frolov in neutral zone.
0:04 of 1st period - Shot by Milan Michalek.
0:04 of 1st period - Shot Hit the Post.
0:06 of 1st period - Shot by Mike Commodore.
0:06 of 1st period - Stopped by Henrik Lundqvist without a rebound.
0:07 of 1st period - Marc Savard wins face-off versus Jarret Stoll in Thrashers zone.
0:22 of 1st period - Minor Penalty to Scott Walker for Diving.
0:23 of 1st period - Joe Thornton wins face-off versus Matt Cullen in Thrashers zone.
2:28 of 1st period - Mike Commodore is hit by Mark Recchi.
2:48 of 1st period - Shot by Nik Antropov.
2:48 of 1st period - Shot Blocked by Keith Ballard.
2:52 of 1st period - Shot by Milan Michalek.
2:52 of 1st period - Shot Blocked by Keith Ballard.
3:19 of 1st period - Icing by Martin Havlat.
3:20 of 1st period - Joe Thornton wins face-off versus Steven Reinprecht in Canucks zone.
3:36 of 1st period - Joe Thornton is hit by Dan Hamhuis and loses puck.
4:35 of 1st period - Shot by Matt Cullen.
4:35 of 1st period - Deflect By Colby Armstrong.
4:35 of 1st period - Stopped by Henrik Lundqvist without a rebound.
4:36 of 1st period - Nik Antropov wins face-off versus Jay Mcclement in Thrashers zone.
4:39 of 1st period - Shot by Milan Michalek.
4:39 of 1st period - Stopped by Henrik Lundqvist without a rebound.
4:40 of 1st period - Nik Antropov wins face-off versus Jay Mcclement in Thrashers zone.
4:43 of 1st period - Shot by Milan Michalek.
4:43 of 1st period - Stopped by Henrik Lundqvist without a rebound.
4:44 of 1st period - Nik Antropov wins face-off versus Jay Mcclement in Thrashers zone.
4:44 of 1st period - Milan Michalek is hit by Niklas Kronwall and loses puck.
5:32 of 1st period - Off-side.
5:33 of 1st period - Jarret Stoll wins face-off versus Joe Thornton in neutral zone.
5:47 of 1st period - Minor Penalty to Brett Clark for Roughing.
5:47 of 1st period - Minor Penalty to Scott Walker for Interference.
5:48 of 1st period - Steven Reinprecht wins face-off versus Marc Savard in Thrashers zone.
5:49 of 1st period - Shot by Colby Armstrong.
5:49 of 1st period - Stopped by Henrik Lundqvist without a rebound.
5:50 of 1st period - Steven Reinprecht wins face-off versus Marc Savard in Thrashers zone.
6:34 of 1st period - Shot by Marc Savard.
6:34 of 1st period - Shot Misses the Net.
6:43 of 1st period - Icing by Colby Armstrong.
6:44 of 1st period - Steven Reinprecht wins face-off versus Jay Mcclement in Canucks zone.
7:19 of 1st period - Shot by Matt Cullen.
7:19 of 1st period - Shot Misses the Net.
7:39 of 1st period - Eric Brewer is hit by Ryan Malone and loses puck.
7:54 of 1st period - Minor Penalty to Dan Hamhuis for Roughing.
7:55 of 1st period - Jarret Stoll wins face-off versus Joe Thornton in Canucks zone.
8:15 of 1st period - Icing by Keith Ballard.
8:16 of 1st period - Matt Cullen wins face-off versus Joe Thornton in Thrashers zone.
8:16 of 1st period - Marc-Edouard Vlasic is hit by Wade Redden and loses puck.
8:27 of 1st period - Shot by Joe Thornton.
8:27 of 1st period - Goal by Joe Thornton - Canucks : 0 - Thrashers : 1.
8:28 of 1st period - Marc Savard wins face-off versus Martin Havlat in neutral zone.
8:45 of 1st period - Icing by Corey Perry.
8:46 of 1st period - Corey Perry wins face-off versus Nik Antropov in Thrashers zone.
8:46 of 1st period - Corey Perry is hit by Steve Bernier.
8:51 of 1st period - Off-side.
8:52 of 1st period - Joe Thornton wins face-off versus Jarret Stoll in neutral zone.
9:46 of 1st period - Mark Recchi is hit by Ron Hainsey and loses puck.
10:39 of 1st period - Shot by Dan Boyle.
10:39 of 1st period - Stopped by Jocelyn Thibault without a rebound.
10:40 of 1st period - Marc Savard wins face-off versus Milan Michalek in Canucks zone.
11:03 of 1st period - Shot by Steve Bernier.
11:03 of 1st period - Stopped by Henrik Lundqvist without a rebound.
11:04 of 1st period - Matt Cullen wins face-off versus Joe Thornton in Thrashers zone.
11:13 of 1st period - Shot by Ryan Malone.
11:13 of 1st period - Shot Misses the Net.
11:22 of 1st period - Joe Thornton is hit by Sergei Fedorov and loses puck.
11:46 of 1st period - Brad Boyes is hit by Sergei Fedorov and loses puck.
12:56 of 1st period - Off-side.
12:57 of 1st period - Marc Savard wins face-off versus Steven Reinprecht in neutral zone.
13:19 of 1st period - Shot by Dan Hamhuis.
13:19 of 1st period - Shot Misses the Net.
13:55 of 1st period - Wade Redden is hit by Matt Cullen and loses puck.
14:21 of 1st period - Joe Thornton is hit by Anders Eriksson and loses puck.
14:26 of 1st period - Shot by Joe Thornton.
14:26 of 1st period - Goal by Joe Thornton - Canucks : 0 - Thrashers : 2.
14:27 of 1st period - Jarret Stoll wins face-off versus Jay Mcclement in neutral zone.
14:29 of 1st period - Martin Havlat is hit by Keith Ballard and loses puck.
15:45 of 1st period - Shot by Milan Michalek.
15:45 of 1st period - Deflect By Steve Bernier.
15:45 of 1st period - Goal by Steve Bernier - Canucks : 1 - Thrashers : 2.
15:46 of 1st period - Joe Thornton wins face-off versus Steven Reinprecht in neutral zone.
17:07 of 1st period - Icing by Anders Eriksson.
17:08 of 1st period - Marc Savard wins face-off versus Matt Cullen in Canucks zone.
17:52 of 1st period - Off-side.
17:53 of 1st period - Jarret Stoll wins face-off versus Martin Rucinsky in neutral zone.
18:35 of 1st period - Shot by Jay Mcclement.
18:35 of 1st period - Stopped by Jocelyn Thibault without a rebound.
18:36 of 1st period - Matt Cullen wins face-off versus Marc Savard in Canucks zone.
18:41 of 1st period - Shot by Matt Cullen.
18:41 of 1st period - Goal by Matt Cullen - Canucks : 2 - Thrashers : 2.
18:42 of 1st period - Nik Antropov wins face-off versus Marc Savard in neutral zone.
18:45 of 1st period - Shot by Milan Michalek.
18:45 of 1st period - Shot Misses the Net.
18:47 of 1st period - Shot by Milan Michalek.
18:47 of 1st period - Goal by Milan Michalek - Canucks : 3 - Thrashers : 2.
18:48 of 1st period - Matt Cullen wins face-off versus Marc Savard in neutral zone.
19:04 of 1st period - Matt Cullen is hit by Dan Boyle and loses puck.
19:08 of 1st period - Icing by Eric Brewer.
19:09 of 1st period - Milan Michalek wins face-off versus Marc Savard in Thrashers zone.

Period #2

0:01 of 2nd period - Nik Antropov wins face-off versus Joe Thornton in neutral zone.
0:56 of 2nd period - Icing by Brett Clark.
0:57 of 2nd period - Joe Thornton wins face-off versus Jarret Stoll in Thrashers zone.
1:07 of 2nd period - Minor Penalty to Corey Perry for Holding.
1:08 of 2nd period - Steven Reinprecht wins face-off versus Jay Mcclement in Canucks zone.
1:17 of 2nd period - Shot by Marc-Edouard Vlasic.
1:17 of 2nd period - Deflect By Martin Havlat.
1:17 of 2nd period - Stopped by Henrik Lundqvist without a rebound.
1:18 of 2nd period - Keith Tkachuk wins face-off versus Nik Antropov in Thrashers zone.
2:07 of 2nd period - Keith Tkachuk is hit by Steve Bernier and loses puck.
2:16 of 2nd period - Shot by Martin Havlat.
2:16 of 2nd period - Stopped by Henrik Lundqvist without a rebound.
2:17 of 2nd period - Steven Reinprecht wins face-off versus Jay Mcclement in Thrashers zone.
2:27 of 2nd period - Shot by Martin Havlat.
2:27 of 2nd period - Deflect By Jarret Stoll.
2:27 of 2nd period - Shot Misses the Net.
2:29 of 2nd period - Shot by Marc-Edouard Vlasic.
2:29 of 2nd period - Shot Misses the Net.
2:35 of 2nd period - Shot by Martin Havlat.
2:35 of 2nd period - Shot Misses the Net.
2:46 of 2nd period - Martin Havlat is hit by Radek Martinek and loses puck.
2:57 of 2nd period - Shot by Milan Michalek.
2:57 of 2nd period - Stopped by Henrik Lundqvist without a rebound.
2:58 of 2nd period - Keith Tkachuk wins face-off versus Jarret Stoll in Thrashers zone.
3:07 of 2nd period - Keith Ballard is hit by Matt Cullen and loses puck.
3:24 of 2nd period - Shot by Matt Cullen.
3:24 of 2nd period - Shot Misses the Net.
3:28 of 2nd period - Shot by Matt Cullen.
3:28 of 2nd period - Shot Blocked by Eric Brewer.
3:30 of 2nd period - Shot by Sergei Fedorov.
3:30 of 2nd period - Goal by Sergei Fedorov - Canucks : 4 - Thrashers : 2.
3:30 of 2nd period - Wade Dubielewicz enters game.
3:31 of 2nd period - Jarret Stoll wins face-off versus Jay Mcclement in neutral zone.
4:18 of 2nd period - Ron Hainsey is hit by Dan Boyle and loses puck.
4:26 of 2nd period - Minor Penalty to Corey Perry for Tripping.
4:27 of 2nd period - Keith Tkachuk wins face-off versus Nik Antropov in neutral zone.
4:46 of 2nd period - Keith Ballard is hit by Nik Antropov and loses puck.
4:56 of 2nd period - Icing by Nik Antropov.
4:57 of 2nd period - Nik Antropov wins face-off versus Jay Mcclement in Canucks zone.
5:34 of 2nd period - Scott Walker is hit by Brett Clark and loses puck.
5:39 of 2nd period - Shot by Milan Michalek.
5:39 of 2nd period - Shot Blocked by Brett Clark.
5:41 of 2nd period - Shot by Dan Hamhuis.
5:41 of 2nd period - Shot Misses the Net.
6:04 of 2nd period - Off-side.
6:05 of 2nd period - Keith Tkachuk wins face-off versus Nik Antropov in neutral zone.
6:59 of 2nd period - Ryan Malone is hit by Marc Savard and loses puck.
7:33 of 2nd period - Off-side.
7:34 of 2nd period - Jay Mcclement wins face-off versus Jarret Stoll in neutral zone.
7:41 of 2nd period - Shot by Niklas Kronwall.
7:41 of 2nd period - Shot Misses the Net.
7:43 of 2nd period - Shot by Jay Mcclement.
7:43 of 2nd period - Shot Misses the Net.
7:45 of 2nd period - Shot by Martin Rucinsky.
7:45 of 2nd period - Shot Misses the Net.
8:30 of 2nd period - Shot by Marc Savard.
8:30 of 2nd period - Stopped by Jocelyn Thibault with a rebound.
8:32 of 2nd period - Shot by David Backes.
8:32 of 2nd period - Stopped by Jocelyn Thibault without a rebound.
8:33 of 2nd period - Joe Thornton wins face-off versus Nik Antropov in Canucks zone.
8:42 of 2nd period - Minor Penalty to Mike Commodore for Hooking.
8:43 of 2nd period - Marc Savard wins face-off versus Milan Michalek in Canucks zone.
8:51 of 2nd period - Icing by Brett Clark.
8:52 of 2nd period - Jarret Stoll wins face-off versus Marc Savard in Thrashers zone.
9:51 of 2nd period - Shot by Wade Redden.
9:51 of 2nd period - Shot Misses the Net.
10:04 of 2nd period - Off-side.
10:05 of 2nd period - Jarret Stoll wins face-off versus Keith Tkachuk in neutral zone.
10:29 of 2nd period - Icing by Wade Redden.
10:30 of 2nd period - Joe Thornton wins face-off versus Jarret Stoll in Thrashers zone.
10:49 of 2nd period - Shot by Sergei Fedorov.
10:49 of 2nd period - Shot Blocked by Niklas Kronwall.
10:51 of 2nd period - Shot by Ryan Malone.
10:51 of 2nd period - Deflect By Matt Cullen.
10:51 of 2nd period - Stopped by Wade Dubielewicz without a rebound.
10:52 of 2nd period - Nik Antropov wins face-off versus Marc Savard in Thrashers zone.
10:59 of 2nd period - Shot by Milan Michalek.
10:59 of 2nd period - Stopped by Wade Dubielewicz without a rebound.
11:00 of 2nd period - Matt Cullen wins face-off versus Martin Rucinsky in Thrashers zone.
11:04 of 2nd period - Icing by Keith Ballard.
11:05 of 2nd period - Jay Mcclement wins face-off versus Steven Reinprecht in Thrashers zone.
11:05 of 2nd period - Jay Mcclement is hit by Brad Richardson.
12:05 of 2nd period - Minor Penalty to Dan Hamhuis for Roughing.
12:06 of 2nd period - Brad Boyes wins face-off versus Matt Cullen in Canucks zone.
12:13 of 2nd period - Shot by Marc Savard.
12:13 of 2nd period - Stopped by Jocelyn Thibault without a rebound.
12:14 of 2nd period - Marc Savard wins face-off versus Matt Cullen in Canucks zone.
13:10 of 2nd period - Shot by Keith Ballard.
13:10 of 2nd period - Stopped by Jocelyn Thibault without a rebound.
13:11 of 2nd period - Joe Thornton wins face-off versus Jarret Stoll in Canucks zone.
13:18 of 2nd period - Shot by Keith Tkachuk.
13:18 of 2nd period - Stopped by Jocelyn Thibault with a rebound.
13:20 of 2nd period - Shot by Joe Thornton.
13:20 of 2nd period - Stopped by Jocelyn Thibault without a rebound.
13:21 of 2nd period - Joe Thornton wins face-off versus Jarret Stoll in Canucks zone.
13:21 of 2nd period - David Backes is hit by Mike Commodore and loses puck.
13:35 of 2nd period - Icing by David Backes.
13:36 of 2nd period - Joe Thornton wins face-off versus Matt Cullen in Thrashers zone.
14:12 of 2nd period - Shot by Martin Havlat.
14:12 of 2nd period - Stopped by Wade Dubielewicz without a rebound.
14:13 of 2nd period - Marc Savard wins face-off versus Nik Antropov in Thrashers zone.
14:38 of 2nd period - Marc Savard is hit by Mike Commodore and loses puck.
14:44 of 2nd period - Corey Perry is hit by Mike Commodore and loses puck.
15:05 of 2nd period - Shot by Mark Recchi.
15:05 of 2nd period - Shot Blocked by Mike Commodore.
15:07 of 2nd period - Shot by Martin Rucinsky.
15:07 of 2nd period - Stopped by Jocelyn Thibault without a rebound.
15:08 of 2nd period - Joe Thornton wins face-off versus Jarret Stoll in Canucks zone.
15:08 of 2nd period - Joe Thornton is hit by Ron Hainsey.
16:28 of 2nd period - Jay Mcclement is hit by Colby Armstrong and loses puck.
16:34 of 2nd period - Icing by Mark Recchi.
16:35 of 2nd period - Jay Mcclement wins face-off versus Nik Antropov in Thrashers zone.
16:35 of 2nd period - Jay Mcclement is hit by Nik Antropov.
16:40 of 2nd period - Icing by Martin Rucinsky.
16:41 of 2nd period - Matt Cullen wins face-off versus Mark Recchi in Thrashers zone.
16:42 of 2nd period - Shot by Sergei Fedorov.
16:42 of 2nd period - Shot Blocked by Keith Ballard.
17:40 of 2nd period - Shot by Marc Savard.
17:40 of 2nd period - Shot Misses the Net.
18:00 of 2nd period - Brett Clark is hit by Nik Antropov and loses puck.
18:18 of 2nd period - Minor Penalty to Joe Thornton for Roughing.
18:19 of 2nd period - Martin Havlat wins face-off versus Jay Mcclement in neutral zone.
19:56 of 2nd period - Shot by Martin Havlat.
19:56 of 2nd period - Shot Misses the Net.

Period #3

0:01 of 3rd period - Scott Walker wins face-off versus Jay Mcclement in neutral zone.
0:50 of 3rd period - Icing by Keith Tkachuk.
0:51 of 3rd period - Nik Antropov wins face-off versus Marc Savard in Thrashers zone.
1:23 of 3rd period - Icing by Mike Commodore.
1:24 of 3rd period - Jay Mcclement wins face-off versus Milan Michalek in Canucks zone.
1:27 of 3rd period - Shot by Mark Recchi.
1:27 of 3rd period - Deflect By Jay Mcclement.
1:27 of 3rd period - Goal by Jay Mcclement - Canucks : 4 - Thrashers : 3.
1:28 of 3rd period - Jay Mcclement wins face-off versus Matt Cullen in neutral zone.
1:28 of 3rd period - Jay Mcclement is hit by Ryan Malone.
1:43 of 3rd period - Shot by Ryan Malone.
1:43 of 3rd period - Stopped by Wade Dubielewicz with a rebound.
1:47 of 3rd period - Shot by Sergei Fedorov.
1:47 of 3rd period - Stopped by Wade Dubielewicz without a rebound.
1:48 of 3rd period - Joe Thornton wins face-off versus Jarret Stoll in Thrashers zone.
1:58 of 3rd period - Off-side.
1:59 of 3rd period - Marc Savard wins face-off versus Steven Reinprecht in neutral zone.
2:38 of 3rd period - Shot by Steven Reinprecht.
2:38 of 3rd period - Stopped by Wade Dubielewicz without a rebound.
2:39 of 3rd period - Nik Antropov wins face-off versus Jay Mcclement in Thrashers zone.
2:42 of 3rd period - Shot by Milan Michalek.
2:42 of 3rd period - Shot Blocked by Niklas Kronwall.
2:44 of 3rd period - Shot by Marc-Edouard Vlasic.
2:44 of 3rd period - Shot Misses the Net.
2:45 of 3rd period - Minor Penalty to Niklas Kronwall for High sticking.
2:46 of 3rd period - Nik Antropov wins face-off versus Jay Mcclement in Thrashers zone.
2:57 of 3rd period - Shot by Scott Walker.
2:57 of 3rd period - Stopped by Wade Dubielewicz without a rebound.
2:58 of 3rd period - Keith Tkachuk wins face-off versus Nik Antropov in Thrashers zone.
3:18 of 3rd period - Off-side.
3:19 of 3rd period - Jay Mcclement wins face-off versus Steven Reinprecht in neutral zone.
4:19 of 3rd period - Shot by Scott Walker.
4:19 of 3rd period - Shot Misses the Net.
4:21 of 3rd period - Shot by Sergei Fedorov.
4:21 of 3rd period - Shot Blocked by Brett Clark.
4:23 of 3rd period - Shot by Sergei Fedorov.
4:23 of 3rd period - Stopped by Wade Dubielewicz with a rebound.
4:25 of 3rd period - Shot by Scott Walker.
4:25 of 3rd period - Stopped by Wade Dubielewicz without a rebound.
4:26 of 3rd period - Nik Antropov wins face-off versus Jay Mcclement in Thrashers zone.
5:35 of 3rd period - Minor Penalty to Mark Recchi for Hooking.
5:36 of 3rd period - Steven Reinprecht wins face-off versus Jay Mcclement in neutral zone.
5:41 of 3rd period - Shot by Martin Havlat.
5:41 of 3rd period - Shot Misses the Net.
5:43 of 3rd period - Shot by Ron Hainsey.
5:43 of 3rd period - Stopped by Wade Dubielewicz without a rebound.
5:44 of 3rd period - Jay Mcclement wins face-off versus Steven Reinprecht in Thrashers zone.
6:55 of 3rd period - Shot by Scott Walker.
6:55 of 3rd period - Shot Misses the Net.
6:57 of 3rd period - Shot by Dan Hamhuis.
6:57 of 3rd period - Shot Misses the Net.
6:59 of 3rd period - Shot by Scott Walker.
6:59 of 3rd period - Stopped by Wade Dubielewicz without a rebound.
7:00 of 3rd period - Nik Antropov wins face-off versus Kyle Calder in Thrashers zone.
7:09 of 3rd period - Shot by Sergei Fedorov.
7:09 of 3rd period - Shot Misses the Net.
7:11 of 3rd period - Shot by Nik Antropov.
7:11 of 3rd period - Stopped by Wade Dubielewicz without a rebound.
7:12 of 3rd period - Keith Tkachuk wins face-off versus Martin Havlat in Thrashers zone.
7:46 of 3rd period - Niklas Kronwall is hit by Anders Eriksson.
7:51 of 3rd period - Minor Penalty to Matt Cullen for Goalie Interference.
7:52 of 3rd period - Marc Savard wins face-off versus Jarret Stoll in neutral zone.
9:06 of 3rd period - Shot by Wade Redden.
9:06 of 3rd period - Stopped by Jocelyn Thibault with a rebound.
9:22 of 3rd period - Shot by Brad Boyes.
9:22 of 3rd period - Shot Hit the Post.
9:27 of 3rd period - Shot by Brad Boyes.
9:27 of 3rd period - Goal by Brad Boyes - Canucks : 4 - Thrashers : 4.
9:28 of 3rd period - Matt Cullen wins face-off versus Jay Mcclement in neutral zone.
9:32 of 3rd period - Minor Penalty to Ryan Malone for Hooking.
9:33 of 3rd period - Matt Cullen wins face-off versus Joe Thornton in Thrashers zone.
9:34 of 3rd period - Shot by Dan Hamhuis.
9:34 of 3rd period - Stopped by Wade Dubielewicz without a rebound.
9:35 of 3rd period - Matt Cullen wins face-off versus Marc Savard in Thrashers zone.
10:00 of 3rd period - Shot by Alexander Frolov.
10:00 of 3rd period - Shot Misses the Net.
10:02 of 3rd period - Shot by Brett Clark.
10:02 of 3rd period - Shot Blocked by Dan Hamhuis.
10:04 of 3rd period - Shot by Brett Clark.
10:04 of 3rd period - Shot Misses the Net.
10:28 of 3rd period - Shot by Joe Thornton.
10:28 of 3rd period - Shot Blocked by Dan Hamhuis.
10:32 of 3rd period - Shot by Wade Redden.
10:32 of 3rd period - Shot Misses the Net.
10:34 of 3rd period - Shot by Wade Redden.
10:34 of 3rd period - Shot Blocked by Ron Hainsey.
10:38 of 3rd period - Shot by Keith Tkachuk.
10:38 of 3rd period - Shot Misses the Net.
10:40 of 3rd period - Shot by Wade Redden.
10:40 of 3rd period - Shot Misses the Net.
10:42 of 3rd period - Shot by Wade Redden.
10:42 of 3rd period - Stopped by Jocelyn Thibault without a rebound.
10:43 of 3rd period - Marc Savard wins face-off versus Jarret Stoll in Canucks zone.
11:39 of 3rd period - Icing by Sergei Fedorov.
11:40 of 3rd period - Nik Antropov wins face-off versus Jay Mcclement in Canucks zone.
12:22 of 3rd period - Martin Rucinsky is hit by Dan Hamhuis and loses puck.
12:30 of 3rd period - Icing by Brad Richardson.
12:31 of 3rd period - Marc Savard wins face-off versus Steven Reinprecht in Canucks zone.
13:11 of 3rd period - Off-side.
13:12 of 3rd period - Matt Cullen wins face-off versus Joe Thornton in neutral zone.
13:41 of 3rd period - Shot by Sergei Fedorov.
13:41 of 3rd period - Shot Blocked by Wade Redden.
14:02 of 3rd period - Icing by Brett Clark.
14:03 of 3rd period - Joe Thornton wins face-off versus Nik Antropov in Thrashers zone.
15:14 of 3rd period - Icing by Dan Hamhuis.
15:15 of 3rd period - Marc Savard wins face-off versus Jarret Stoll in Canucks zone.
15:37 of 3rd period - Eric Brewer is hit by Jarret Stoll and loses puck.
16:03 of 3rd period - Anders Eriksson is hit by Corey Perry and loses puck.
16:25 of 3rd period - Shot by Joe Thornton.
16:25 of 3rd period - Shot Misses the Net.
16:27 of 3rd period - Shot by Brett Clark.
16:27 of 3rd period - Goal by Brett Clark - Canucks : 4 - Thrashers : 5.
16:27 of 3rd period - Evgeni Nabokov enters game.
16:28 of 3rd period - Marc Savard wins face-off versus Nik Antropov in neutral zone.
16:28 of 3rd period - Wade Redden is hit by Steve Bernier and loses puck.
17:27 of 3rd period - Shot by Martin Havlat.
17:27 of 3rd period - Stopped by Wade Dubielewicz without a rebound.
17:28 of 3rd period - Ryan Malone wins face-off versus Jay Mcclement in Thrashers zone.
17:39 of 3rd period - Shot by Colby Armstrong.
17:39 of 3rd period - Stopped by Wade Dubielewicz without a rebound.
17:40 of 3rd period - Jay Mcclement wins face-off versus Jarret Stoll in Thrashers zone.
17:54 of 3rd period - Shot by Jay Mcclement.
17:54 of 3rd period - Shot Misses the Net.
17:56 of 3rd period - Shot by Jay Mcclement.
17:56 of 3rd period - Shot Misses the Net.
18:04 of 3rd period - Shot by Jay Mcclement.
18:04 of 3rd period - Stopped by Evgeni Nabokov with a rebound.
18:06 of 3rd period - Shot by Jay Mcclement.
18:06 of 3rd period - Goal by Jay Mcclement - Canucks : 4 - Thrashers : 6.
18:07 of 3rd period - Matt Cullen wins face-off versus Keith Tkachuk in neutral zone.
18:14 of 3rd period - Icing by Eric Brewer.
18:15 of 3rd period - Joe Thornton wins face-off versus Nik Antropov in Thrashers zone.
18:19 of 3rd period - Keith Tkachuk is hit by Steve Bernier and loses puck.
18:46 of 3rd period - Eric Brewer is hit by Milan Michalek and loses puck.


Output by the SimonT Hockey Simulator (STHS) for Stephane Roy -- Original Page W3C XHTML 1.0 Valid